AoeStats
← DerTyp

Arena

507554563Analyzed
3v3 RM · 13d ago on Sep 18, 2026· 58m 7s· 6 players
Game mode
Random Map
Map size
Normal (6 player)
Population
200
Speed
Normal
Resources
Standard
Victory
Conquest
Starting age
Dark Age
Ending age
Imperial Age
RankedLock teamsTeams togetherTeam positionsShared explorationLock speedFull tech treeHidden civsTurbo modeCheats
Victory
Defeat
🇺🇸 Khmer · United States
1268
+13
🇨🇴 Chinese · Colombia
1232
+15
🇩🇪 Lithuanians · Germany
1169
+18
🇬🇧 Japanese · United Kingdom
1375
-21
🇬🇧 Bohemians · United Kingdom
1357
-20
🇬🇧 Huns · United Kingdom
894
-5
DerTyp
8:03 Loom
10:20 Feudal Age
9:58 Loom
17:34 Castle Age
15:43 Double-Bit Axe
15:46 Horse Collar
16:23 Stone Mining
17:18 Forging
18:29 Bow Saw
19:31 Fervor
19:45 Heavy Plow
19:48 Gold Mining
20:42 Husbandry
25:01 Stone Shaft Mining
25:35 Wheelbarrow
25:59 Scale Barding Armor
27:09 Chain Barding Armor
32:00 Imperial Age
30:06 Hand Cart
30:41 Bloodlines
31:08 Iron Casting
33:37 Crop Rotation
32:51 Cavalier
34:16 Plate Barding Armor
34:09 Conscription
34:10 Elite Leitis
35:18 Tower Shields
35:11 Fletching
35:21 Padded Archer Armor
36:38 Chemistry
36:32 Thumb Ring
36:49 Ballistics
36:41 Elite Skirmisher
38:05 Bodkin Arrow
38:25 Leather Archer Armor
38:04 Paladin
40:55 Ring Archer Armor
40:58 Bracer
46:28 Treadmill Crane
47:00 Masonry
55:39 Light Cavalry
T91Official
0:27 Loom
10:16 Feudal Age
14:44 Castle Age
13:21 Double-Bit Axe
13:34 Horse Collar
21:19 Wheelbarrow
22:16 Gold Mining
23:10 Bow Saw
24:38 Hand Cart
27:48 Imperial Age
25:57 Gold Shaft Mining
25:24 Heavy Plow
25:48 Ballistics
26:47 Stone Mining
26:51 Crossbowman
27:37 Thumb Ring
27:23 Fletching
28:13 Stone Shaft Mining
28:01 Bodkin Arrow
29:39 Chemistry
28:06 Arbalester
29:13 Bracer
29:16 Padded Archer Armor
28:49 Capped Ram
30:22 Siege Ram
31:24 Leather Archer Armor
31:51 Masonry
32:58 Ring Archer Armor
32:45 Murder Holes
33:21 Architecture
33:28 Guard Tower
33:24 Arrowslits
36:35 Conscription
37:03 Keep
37:44 Heavy Rocket Cart
50:06 Great Wall
50:27 Rocketry
54:44 Coinage
54:15 Caravan
55:34 Fortified Wall
55:44 Bombard Tower
56:59 Heavy Scorpion
BrownBomber81
11:37 Feudal Age
14:56 Castle Age
13:06 Double-Bit Axe
13:24 Horse Collar
15:48 Bow Saw
15:40 Heavy Plow
16:17 Wheelbarrow
19:13 Loom
20:04 Sanctity
22:45 Gold Mining
29:42 Imperial Age
27:37 Scale Mail Armor
27:28 Pikeman
29:11 Chain Mail Armor
29:30 Forging
29:56 Ballistics
30:19 Hand Cart
29:45 Halberdier
31:22 Iron Casting
31:46 Gold Shaft Mining
31:36 Fletching
32:44 Conscription
32:30 Heavy Scorpion
34:14 Bodkin Arrow
35:33 Double Crossbow
37:00 Blast Furnace
36:46 Bracer
41:10 Chemistry
40:41 Siege Engineers
40:47 Masonry
43:03 Padded Archer Armor
43:09 Scale Barding Armor
43:41 Arson
45:53 Bloodlines
45:04 Elite Battle Elephant
45:45 Husbandry
48:15 Chain Barding Armor
48:03 Tusk Swords
47:35 Sappers
48:40 Hoardings
52:17 Caravan
55:53 Light Cavalry
Mustmakemorevillagers
9:33 Loom
11:18 Feudal Age
16:29 Castle Age
14:13 Horse Collar
14:22 Double-Bit Axe
14:31 Gold Mining
14:34 Town Watch
16:49 Wheelbarrow
17:35 Bow Saw
17:29 Heavy Plow
19:24 Stone Mining
27:44 Hand Cart
32:02 Imperial Age
30:02 Hand Cart
32:01 Marauders
35:01 Atheism
34:37 Pikeman
36:19 Murder Holes
36:45 Ballistics
36:37 Masonry
36:52 Conscription
37:05 Husbandry
37:16 Bloodlines
37:16 Scale Barding Armor
37:22 Forging
36:56 Pikeman
37:37 Squires
37:23 Arson
37:07 Light Cavalry
38:38 Chain Barding Armor
40:15 Iron Casting
41:40 Plate Barding Armor
42:06 Blast Furnace
42:11 Scale Mail Armor
42:43 Fletching
46:09 Chain Mail Armor
48:19 Chemistry
50:08 Caravan
51:24 Halberdier
DanielHD
10:39 Feudal Age
11:06 Loom
14:24 Castle Age
12:22 Horse Collar
13:10 Double-Bit Axe
20:43 Bow Saw
25:15 Wheelbarrow
27:03 Pikeman
27:34 Fletching
28:15 Bodkin Arrow
28:42 Ballistics
31:27 Imperial Age
29:06 Gold Mining
29:11 Guard Tower
29:46 Padded Archer Armor
31:10 Leather Archer Armor
31:19 Masonry
31:26 Thumb Ring
32:03 Squires
31:32 Halberdier
32:34 Scale Mail Armor
33:36 Chemistry
33:09 Hand Cart
33:10 Forging
33:33 Bracer
35:04 Parthian Tactics
35:06 Heavy Plow
34:55 Heavy Cavalry Archer
35:44 Husbandry
36:20 Bloodlines
36:01 Elite Skirmisher
37:19 Ring Archer Armor
37:59 Gold Shaft Mining
39:46 Town Watch
41:49 Two-Man Saw
41:13 Chain Mail Armor
41:07 Stone Mining
41:32 Arson
42:46 Onager
44:39 Keep
44:55 Plate Mail Armor
Mercer
10:58 Feudal Age
15:01 Castle Age
13:24 Double-Bit Axe
14:09 Horse Collar
16:01 Bow Saw
16:43 Loom
19:29 Heavy Plow
19:42 Bow Saw
20:23 Wheelbarrow
27:59 Imperial Age
25:16 Town Watch
25:58 Scale Mail Armor
26:12 Forging
27:06 Chemistry
27:00 Heavy Plow
26:46 Pikeman
27:30 Squires
28:00 Houfnice
29:00 Chain Mail Armor
28:37 Halberdier
30:09 Wagenburg Tactics
31:18 Town Patrol
31:35 Hand Cart
33:02 Conscription
34:06 Plate Mail Armor
34:55 Iron Casting
35:18 Siege Engineers
37:15 Blast Furnace
38:08 Man-at-Arms
39:55 Bombard Tower
40:49 Coinage
40:14 Long Swordsman
42:05 Treadmill Crane
42:35 Masonry
42:26 Two-Handed Swordsman
44:03 Champion
Connection lost

Rejoining the realm…

Still unreachable

The connection could not be restored.

Session expired

The server has moved on; the page needs a fresh start.